 Dungeon Crawl Stone Soup version 0.24.0-123-gd5b16e6ec5 (webtiles) character file.

Game seed: 11609043371587351401, levelgen mode: deterministic

707 McKennaii the Cudgeler (level 7, -6/67 HPs)
             Began as a Troll Monk on Dec 22, 2019.
             Mangled by Menkaure (19 damage)
             ... on level 4 of the Dungeon.
             The game lasted 00:05:26 (2349 turns).

McKennaii the Cudgeler (Troll Monk)                 Turns: 2349, Time: 00:05:26

Health: -6/67      AC:  7    Str: 20    XL:     7   Next: 39%
Magic:  6/6        EV: 11    Int:  6    God:
Gold:   214        SH:  0    Dex: 14    Spells: 6/6 levels left

rFire    . . .     SeeInvis .   a - +0 mace
rCold    . . .     Gourm    +   (no shield)
rNeg     . . .     Faith    .   b - +1 robe
rPois    .         Spirit   .   (helmet restricted)
rElec    .         Reflect  .   (no cloak)
rCorr    .         Harm     .   (gloves unavailable)
MR       +....                  (boots unavailable)
Stlth    ++........             (no amulet)
HPRegen  0.61/turn              (no ring)
MPRegen  0.10/turn              (no ring)

@: no status effects
A: large, unfitting armour, claws 3, horns 1, fast metabolism 3, gourmand, magic
resistance 1, regeneration 1, shaggy fur 1, tough skin 3
a: no special abilities


You were on level 4 of the Dungeon.
You were very full.

You visited 1 branch of the dungeon, and saw 4 of its levels.

You collected 214 gold pieces.

Inventory:

Hand Weapons
 a - a +0 mace (weapon)
Armour
 b - a +1 robe (worn)
Wands
 d - a wand of random effects (13)
Scrolls
 e - 3 scrolls of remove curse
 f - a scroll of identify
 g - a scroll of enchant armour
 h - a scroll of enchant weapon
 k - a scroll of teleportation
 l - a scroll of noise {unknown}
 o - a scroll of amnesia {unknown}
 p - a scroll of fog {unknown}
Potions
 i - a potion of curing {unknown}
 j - a potion of haste {unknown}
 n - a potion of heal wounds
Comestibles
 c - 7 rations


   Skills:
 + Level 3.6 Fighting
 * Level 6.4 Maces & Flails
 + Level 3.7 Dodging
 + Level 1.2 Stealth


You had 6 spell levels left.
You didn't know any spells.
Your spell library contained the following spells:

 Spells                   Type           Power        Failure   Level  Hunger
 Magic Dart               Conj           #...         45%         1    ##.....
 Searing Ray              Conj           #.....       58%         2    ###....
 Dazzling Spray           Conj/Hex       #.....       83%         3    ####...
 Force Lance              Conj/Tloc      #.......     99%         4    #####..
 Fulminant Prism          Conj/Hex       #.........   99%         4    #####..
 Iskenderun's Mystic Bla  Conj           #.......     99%         4    #####..


Dungeon Overview and Level Annotations

Branches:
Dungeon (4/15)
 Temple: D:4-7

Altars:
Ru

Annotations:
D:4 Menkaure


Innate Abilities, Weirdness & Mutations

You are too large for most types of armour.
You have claws for hands.
Your metabolism is lightning-fast.
You like to eat raw meat.
Your natural rate of healing is unusually fast.
You are covered in fur. (AC +1)
You have extremely tough skin. (AC +3)
You have a pair of small horns on your head.
You are resistant to hostile enchantments. (MR+)


Message History

Menkaure is heavily damaged.
Menkaure calls on the powers of darkness!
Your body is wracked with pain!
You thump Menkaure!
Menkaure is almost destroyed.
Menkaure calls on the powers of darkness!
Your body is wracked with pain!
* * * LOW HITPOINT WARNING * * *
You are too injured to fight recklessly!
You hit Menkaure.
Menkaure is almost destroyed.
Menkaure calls on the powers of darkness!
Your body is wracked with pain!
* * * LOW HITPOINT WARNING * * *
You barely miss Menkaure.
Menkaure is almost destroyed.
You hit Menkaure but do no damage.
Menkaure is almost destroyed.
Menkaure hits you!!
You die...

#### ..... ####
##..... ... .$.....
#.###M....).
#######.#.@.......
.................
####.###...........
#..........##).....
####.#......#.# ......
.....###......#...#.##
#.................#
#.#....####.#.##..#
#...........#.# ..#


You could see Menkaure.

Vanquished Creatures
  Grinder (D:3)
  Sigmund (D:3)
  An orc priest (D:3)
  2 orc wizards (D:2)
  Natasha (thrice) (D:2)
  A worker ant (D:2)
  A hound skeleton (D:2)
  5 adders (D:2)
  2 oozes (D:1)
  4 worms (D:2)
  A dart slug (D:1)
  5 leopard geckos
  11 orcs (D:3)
  A ball python (D:3)
  6 bats
  3 giant cockroaches
  6 goblins
  12 hobgoblins
  5 jackals (D:1)
  8 kobolds
  A quokka (D:3)
  5 frilled lizards
  10 rats
95 creatures vanquished.

Notes
Turn   | Place    | Note
-------+----------+-------------------------------------------
     0 | D:1      | McKennaii the Troll Monk began the quest for the Orb.
     0 | D:1      | Reached XP level 1. HP: 22/22 MP: 0/0
    17 | D:1      | Reached XP level 2. HP: 26/29 MP: 1/1
    47 | D:1      | Reached skill level 3 in Maces & Flails
   309 | D:1      | Reached XP level 3. HP: 31/36 MP: 2/2
  1009 | D:2      | Reached XP level 4. HP: 34/44 MP: 3/3
  1307 | D:2      | Noticed Natasha
  1314 | D:2      | Killed Natasha
  1314 | D:2      | Reached skill level 4 in Maces & Flails
  1354 | D:2      | Gained mutation: You are resistant to hostile enchantments.
                  | (MR+) [potion of mutation]
  1354 | D:2      | Gained mutation: You have a pair of small horns on your
                  | head. [potion of mutation]
  1357 | D:2      | Reached XP level 5. HP: 39/52 MP: 4/4
  1438 | D:2      | Noticed Natasha
  1448 | D:2      | Killed Natasha
  1486 | D:2      | Noticed Natasha
  1495 | D:2      | Killed Natasha
  1527 | D:3      | Noticed Sigmund
  1680 | D:3      | Reached skill level 5 in Maces & Flails
  1784 | D:2      | Reached XP level 6. HP: 61/61 MP: 5/5
  1847 | D:3      | Killed Sigmund
  1928 | D:3      | Noticed Grinder
  1932 | D:3      | Paralysed by Grinder for 3 turns
  1940 | D:3      | Found a sacrificial altar of Ru.
  1944 | D:3      | Killed Grinder
  1944 | D:3      | Reached skill level 6 in Maces & Flails
  1944 | D:3      | Reached XP level 7. HP: 51/67 MP: 6/6
  2339 | D:4      | Noticed Menkaure
  2349 | D:4      | Mangled by Menkaure

Levels and vault maps discovered:
D:1:      dpeg_arrival_simpleton_c, layout_basic, minmay_hexomino_c4
D:2:      layout_loops_ring, uniq_natasha
D:3:      layout_rooms, first_ration, hangedman_ru_absence, uniq_grinder,
          uniq_sigmund
D:4:      layout_basic, grunt_temple_overflow_open, uniq_duvessa, uniq_menkaure

Skill      XL: |  1  2  3  4  5  6 |
---------------+-------------------+-----
Maces & Flails | 3 4 5 6 |  6.4
Dodging        | 3 |  3.7
Fighting       | 3 |  3.6
Stealth        | |  1.2

Action                   |  1- 3 |  4- 6 |  7- 9 || total
-------------------------+-------+-------+-------++-------
Melee: Mace              |   126 |   177 |    43 ||   346
       Headbutt          |       |    29 |     7 ||    36
  Use: Potion            |       |     2 |       ||     2
       Scroll            |       |     4 |       ||     4
 Stab: Sleeping          |       |     2 |       ||     2
  Eat: Chunk             |     3 |    18 |     3 ||    24
       Ration            |     1 |       |       ||     1
Armor: Robe              |    79 |    69 |    23 ||   171
Dodge: Dodged            |   137 |   142 |    29 ||   308
